AoeStats
← 重案组之虎曹达华JESSEJAMES

Arena

510282248Analyzed
4v4 RM · 2d ago on Sep 30, 2026· 41m 18s· 8 players
Game mode
Random Map
Map size
Large (8 player)
Population
200
Speed
Normal
Resources
Standard
Victory
Conquest
Starting age
Dark Age
Ending age
Imperial Age
RankedLock teamsTeams togetherTeam positionsShared explorationLock speedFull tech treeHidden civsTurbo modeCheats
Victory
Defeat
🇳🇴 Lithuanians · Norway
1260
+14
🇸🇪 Romans · Sweden
1236
+15
🇪🇸 Japanese · Spain
1234
+15
🇹🇷 Maya · Türkiye
1178
+17
🇻🇳 Saxons · Vietnam
1255
-18
1210
-15
🇲🇽 Persians · Mexico
1186
-14
🇦🇺 Chinese · Australia
1175
-14
oscabar85
10:39 Feudal Age
8:56 Loom
14:35 Castle Age
13:47 Double-Bit Axe
13:51 Horse Collar
20:15 Bow Saw
26:44 Wheelbarrow
29:34 Imperial Age
27:23 Scale Barding Armor
27:45 Forging
29:07 Chain Barding Armor
29:48 Iron Casting
30:49 Two-Man Saw
30:20 Cavalier
31:05 Husbandry
31:16 Bloodlines
32:06 Plate Barding Armor
32:32 Blast Furnace
32:40 Hand Cart
32:13 Town Watch
34:39 Gold Mining
34:43 Stone Mining
36:00 Savar
重案组之虎曹达华JESSEJAMES
10:22 Feudal Age
11:40 Double-Bit Axe
13:57 Castle Age
13:21 Horse Collar
16:08 Loom
20:28 Bow Saw
20:42 Heavy Plow
21:01 Gold Mining
23:34 Wheelbarrow
28:26 Imperial Age
26:55 Gold Shaft Mining
27:15 Fletching
28:06 Bodkin Arrow
27:39 Pikeman
28:50 Hand Cart
29:22 Bracer
28:53 Halberdier
30:05 Scale Mail Armor
30:51 Forging
31:04 Conscription
30:53 Capped Ram
32:16 Double Crossbow
33:04 Ballistics
33:34 Chain Mail Armor
34:40 Chemistry
33:16 Siege Ram
38:00 Iron Casting
37:50 Heavy Scorpion
41:57 Chemistry
Valodimer
6:52 Loom
9:20 Feudal Age
13:20 Double-Bit Axe
13:38 Gold Mining
16:09 Castle Age
17:12 Bow Saw
16:44 Horse Collar
24:59 Heavy Plow
26:57 Fletching
26:47 Crossbowman
28:01 Bodkin Arrow
29:14 Thumb Ring
31:05 Padded Archer Armor
31:30 Ballistics
Dark Balrog Chicken
0:27 Loom
10:42 Feudal Age
11:39 Feudal Age
13:35 Horse Collar
16:16 Castle Age
14:43 Double-Bit Axe
14:54 Fletching
17:15 Bow Saw
17:38 Heavy Plow
17:34 Crossbowman
22:34 Wheelbarrow
22:11 Stone Mining
22:14 Gold Mining
26:04 Thumb Ring
26:44 Elite Skirmisher
IkerJura23783
9:58 Feudal Age
10:31 Double-Bit Axe
16:23 Castle Age
14:33 Arson
14:52 Scale Mail Armor
14:46 Stone Mining
15:30 Horse Collar
16:12 Scale Mail Armor
17:16 Loom
18:18 Squires
20:57 Gold Mining
23:34 Forging
23:41 Chain Mail Armor
28:30 Forging
33:03 Imperial Age
34:59 Wheelbarrow
35:26 Conscription
34:32 Pikeman
34:58 Gambesons
35:43 Town Watch
36:17 Hand Cart
36:46 Heavy Plow
36:59 Bow Saw
37:05 Halberdier
38:27 Iron Casting
39:08 Elite Samurai
40:27 Plate Mail Armor
41:33 Two-Man Saw
41:14 Gold Shaft Mining
42:31 Blast Furnace
Dagis
10:04 Feudal Age
13:57 Castle Age
12:31 Double-Bit Axe
12:37 Horse Collar
15:35 Bow Saw
16:59 Fervor
20:02 Sanctity
19:41 Loom
20:33 Wheelbarrow
22:57 Hand Cart
29:28 Imperial Age
28:41 Bloodlines
27:51 Light Cavalry
28:32 Husbandry
28:39 Scale Barding Armor
28:44 Forging
30:39 Gold Mining
32:01 Chain Barding Armor
32:40 Iron Casting
32:49 Conscription
32:11 Cavalier
34:27 Paladin
35:45 Block Printing
37:46 Plate Barding Armor
37:44 Caravan
41:58 Illumination
johansoderstrom1
11:04 Feudal Age
12:46 Double-Bit Axe
16:13 Castle Age
17:09 Bow Saw
23:07 Horse Collar
26:06 Wheelbarrow
26:25 Heavy Plow
31:46 Imperial Age
38:15 Heavy Scorpion
40:01 Chemistry
39:21 Ballistics
39:07 Siege Engineers
Subuday Noyan
8:55 Feudal Age
14:41 Castle Age
13:01 Double-Bit Axe
14:02 Horse Collar
16:09 Scale Mail Armor
20:41 Crossbowman
21:59 Bow Saw
23:08 Heavy Plow
23:16 Gold Mining
23:20 Fletching
23:30 Padded Archer Armor
24:52 Stone Mining
26:25 Wheelbarrow
26:44 Scale Mail Armor
26:45 Padded Archer Armor
27:32 Stone Shaft Mining
29:42 Imperial Age
27:35 Loom
28:10 Squires
27:30 Eagle Warrior
28:22 Forging
28:48 Bodkin Arrow
29:40 Chain Mail Armor
29:44 Hand Cart
29:15 Loom
30:41 Iron Casting
30:45 Leather Archer Armor
30:46 Bracer
31:19 Conscription
32:14 Crop Rotation
31:25 Arbalester
33:15 Plate Mail Armor
33:09 Ballistics
33:50 Chemistry
33:48 Thumb Ring
34:18 Plate Mail Armor
34:16 Town Watch
35:03 Ring Archer Armor
35:39 Two-Man Saw
36:03 Blast Furnace
35:15 Fortified Wall
35:16 Masonry
35:19 Arson
35:51 Elite Eagle Warrior
36:40 Capped Ram
38:29 Town Patrol
38:26 Siege Ram
39:13 Pikeman
Connection lost

Rejoining the realm…

Still unreachable

The connection could not be restored.

Session expired

The server has moved on; the page needs a fresh start.